 Dungeon Crawl Stone Soup version 0.29.1-1-gd02db6906a (webtiles) character file.

Game seed: 17311303566751126641

141267 Sintarzus the Warrior (level 17, 0/135 HPs)
             Began as a Djinni Conjurer on Oct 6, 2022.
             Was the Champion of Makhleb.
             Engulfed by a cloud of freezing vapour (11 damage)
             ... on level 3 of the Spider Nest on Oct 8, 2022.
             The game lasted 02:15:25 (21685 turns).

Sintarzus the Warrior (Djinni Conjurer)            Turns: 21685, Time: 02:15:26

Health: 0/135      AC:  9    Str:  6    XL:     17   Next: 93%
Gold:   2491       EV: 16    Int: 34    God:    Makhleb [******] SH:  6 Dex: 20

rFire   + + .      SeeInvis +   a - +4 rapier of Subterfuge {vorpal, Will+ rCorr Dex+4}
rCold   + . .      Faith    .   N - +0 buckler
rNeg    . . .      Spirit   .   L - +0 troll leather armour
rPois   ∞          Reflect  .   z - +2 hat
rElec   .          Harm     .   C - +2 cloak of the Thief {*Fog Slay-2 SInv Stlth+}
rCorr   +          Rampage  .   (no gloves)
Will    ++...                   (boots unavailable)
Stlth   +++.......              g - amulet of regeneration
HPRegen 1.92/turn               w - +6 ring of intelligence
MPRegen 0.00/turn               W - ring of Qeugey {rC++ Dex+6}

@: flying, very slightly contaminated
A: sickness immunity, fire resistance 2, cold vulnerability 1, float, innate
caster, HP casting, extra vitality 1, beak, clumsy 1, evolution 1, sturdy frame
1
a: Renounce Religion, Minor Destruction, Lesser Servant of Makhleb, Major
Destruction, Greater Servant of Makhleb


You were on level 3 of the Spider Nest.
You worshipped Makhleb.
Makhleb was exalted by your worship.
You visited 4 branches of the dungeon, and saw 24 of its levels.
You also visited: Sewer.

You collected 2843 gold pieces.
You spent 352 gold pieces at shops.

Inventory:

Hand Weapons
 a - the +4 rapier of Subterfuge (weapon) {vorpal, Will+ rCorr Dex+4}
   (You bought it in a shop on level 2 of the Dungeon)

   It inflicts extra damage upon your enemies.
   Dex:       It affects your dexterity (+4).
   rCorr:     It protects you from acid and corrosion.
   Will:      It increases your willpower.
 X - the +9 dagger of Salt {antimagic, *Rage rElec Will+}
   (You bought it in a shop on level 2 of the Dungeon)

   It reduces the magical energy of the wielder, and disrupts the spells and
   magical abilities of those it strikes.
   Natural abilities and divine invocations are not affected.
   rElec:     It insulates you from electricity.
   *Rage:     It berserks you when you make melee attacks (+20% chance).
   Will:      It increases your willpower.
Missiles
 c - 2 throwing nets
 p - 48 poisoned darts
 q - 12 curare-tipped darts
 I - 2 atropa-tipped darts
Armour
 z - a +2 hat (worn)
 C - the +2 cloak of the Thief (worn) {*Fog Slay-2 SInv Stlth+}
   (You found it on level 10 of the Dungeon)

   It may release a thick cloud of smoke when the wearer is hurt.
   Slay:      It affects your accuracy & damage with ranged weapons and melee
   (-2).
   SInv:      It lets you see invisible.
   Stlth:     It makes you more stealthy.
 L - a +0 troll leather armour (worn)
 N - a +0 buckler (worn)
Jewellery
 g - an amulet of regeneration (around neck)
 w - a +6 ring of intelligence (left hand)
 D - a ring of positive energy
 E - a ring of resist corrosion
 W - the ring of Qeugey (right hand) {rC++ Dex+6}
   (You found it on level 13 of the Dungeon)

   [ring of dexterity]

   Dex:       It affects your dexterity (+6).
   rC:        It greatly protects you from cold.
Wands
 l - a wand of polymorph (11)
 u - a wand of roots (19)
 F - a wand of mindburst (18)
 J - a wand of light (19)
 Q - a wand of charming (22)
 S - a wand of digging (5)
Scrolls
 b - a scroll of fog
 i - 3 scrolls of magic mapping
 j - 3 scrolls of identify
 k - 3 scrolls of summoning
 r - a scroll of fear
 x - 4 scrolls of vulnerability
 A - 15 scrolls of teleportation
 G - 4 scrolls of poison
 H - 2 scrolls of enchant armour
 P - 2 scrolls of torment
 V - 3 scrolls of brand weapon
 Y - 2 scrolls of enchant weapon
Potions
 e - 5 potions of resistance
 f - 4 potions of cancellation
 h - 5 potions of invisibility
 m - 6 potions of ambrosia
 n - 3 potions of heal wounds
 o - 6 potions of haste
 s - 5 potions of might
 t - 5 potions of brilliance
 v - 12 potions of curing
 K - 2 potions of berserk rage
 O - 2 potions of mutation
 R - 2 potions of lignification
Miscellaneous
 d - a phial of floods
 y - a phantom mirror
 B - a lightning rod (4/4)
 M - a box of beasts
 U - a condenser vane
 Z - a tin of tremorstones (2/2)


   Skills:
 + Level 16.6 Fighting
 - Level 5.1 Maces & Flails
 - Level 4.0 Throwing
 + Level 6.7 Dodging
 - Level 2.0 Stealth
 - Level 4.0 Shields
 + Level 14.4 Spellcasting
 - Level 14.0 Invocations
 - Level 8.0 Evocations


You couldn't memorise any spells.
You knew the following spells:

 Your Spells              Type           Power      Damage    Failure   Level
a - Magic Dart            Conj           100%       1d8       0%          1
b - Searing Ray           Conj           100%       2d8       0%          2
c - Dazzling Flash        Conj/Hex       100%       N/A       1%          3
d - Fulminant Prism       Conj/Hex       44%        3d20      1%          4
e - Iskenderun's Mystic   Conj/Tloc      89%        2d17      1%          4
f - Slow                  Hex            100%       N/A       0%          1
g - Static Discharge      Conj/Air       89%        3-15/arc  0%          2
h - Gell's Gravitas       Tloc           89%        N/A       1%          3
i - Lesser Beckoning      Tloc           89%        N/A       1%          3
j - Sticky Flame          Conj/Fire      89%        2d10      1%          4
k - Freezing Cloud        Conj/Ice/Air   44%        6-21      1%          5
l - Starburst             Conj/Fire      44%        6d12      1%          6
m - Haunt                 Necr/Summ      44%        N/A       5%          7
Your spell library was empty.

Dungeon Overview and Level Annotations

Branches:
Dungeon (15/15)            Temple (1/1) D:7            Lair (5/5) D:8
 Shoals (0/4) Lair:2       Spider (3/4) Lair:3          Orc (0/2) D:11
 Vaults (0/5) D:13         Depths (0/4) D:15          Sewer (visited)
  Slime: Lair:4-5

Altars:
Ashenzari
Cheibriados
Dithmenos
Elyvilon
Fedhas
Gozag
Hepliaklqana
Makhleb
Nemelex Xobeh
Okawaru
Qazlal
Ru
Trog
Uskayaw
Wu Jian
Xom
Yredelemnul
Zin
The Shining One
Jiyva

Shops:
D:2 (   D:5 (   D:9 (

Portals:
Abyss: Lair:1

Annotations:
Lair:3 2 transporters
Lair:4 exclusion: oklob plant
Spider:2 Arachne


Innate Abilities, Weirdness & Mutations

You are immune to sickness and miasma.
You are immune to poison.
Your flesh is very heat resistant. (rF++)
You are vulnerable to cold. (rC-)
You float through the air rather than walking.
You learn spells naturally, not from books.
Your magical power is your life essence.
You have superior vitality. (+4 MHP)
You have a beak for a mouth.
You are clumsy. (Dex -2)
You have hidden genetic potential.
Your movements are slightly less encumbered by armour. (ER -2)


Message History

The jumping spider is knocked back by the mystic blast.
The jumping spider is engulfed in freezing vapours.
The jumping spider leaps!
An emperor scorpion comes into view.
The orb spider is engulfed in freezing vapours.
The orb spider weaves a glowing orb of energy.
An orb of destruction comes into view.
Casting: Iskenderun's Mystic Blast (safe; 1% risk of failure)
Confirm with . or Enter, or press ? or * to list all spells.
You erupt in a blast of force!
The mystic blast hits the wolf spider simulacrum!
The wolf spider simulacrum is almost destroyed.
The wolf spider simulacrum is knocked back by the mystic blast.
The wolf spider simulacrum slams into the rock wall!
The wolf spider simulacrum vaporises!
The jumping spider leaps!
Casting: Iskenderun's Mystic Blast (safe; 1% risk of failure)
Confirm with . or Enter, or press ? or * to list all spells.
Aiming: Slow (safe; 0% risk of failure)
Press: ? - help, Shift-Dir - straight line, f - orb of destruction
Aim: an orb of destruction (freezing vapour, infinite will)
Okay, then.
The orb of destruction hits you!!!
Ouch! That really hurt!
* * * LOW HITPOINT WARNING * * *
With a swish of your cloak, you release a cloud of fog.
The orb spider is engulfed in freezing vapours.
The orb spider pulsates with a strange energy.
You feel much better.
Really fly into that cloud of freezing vapour?
You are engulfed in freezing vapours.
You resist.
* * * LOW HITPOINT WARNING * * *
The orb spider is engulfed in freezing vapours.
The jumping spider pounces on you!
* * * LOW HITPOINT WARNING * * *
The jumping spider bites you.
* * * LOW HITPOINT WARNING * * *
There is a stone staircase leading up here.
You are engulfed in freezing vapours.
You resist.
You die...

## ##^## .
##.§§# ...
#§§§§#....
###§§§☼s#?^^
#§§§@§s§§§..
#§§s#§§^§s.#
#.○○§..#°§§..
#.§○.......†§.
#§°†§#...[#..§.
#.#§§§.....#
...
#^§§§^......
.#.
.....#......


You could see an emperor scorpion, an orb spider (charged) and 2 jumping
spiders.

Vanquished Creatures
  Nikola (Spider:1)
  Rupert (D:15)
  Gastronok (D:9)
  Kirke (Lair:5)
  Agnes (D:15)
  Donald (Spider:1)
  3 emperor scorpions
  2 ghost moths
  A cacodemon (Lair:1)
  Louise (D:15)
  6 entropy weavers
  Azrael (D:15)
  Snorg (Lair:5)
  The ghost of Bilamnug the Severer, a journeyman HOFi of Zin (Lair:1)
  2 spark wasps (Spider:1)
  An ettin (D:15)
  A fire dragon (D:14)
  The ghost of Xudgha the Protected, a journeyman MiFi of Okawaru (Lair:2)
  A fire dragon (shapeshifter) (Lair:1)
  8 hydras
  4 boulder beetles
  3 jorogumos
  A death knight (D:14)
  5 centaur warriors
  An ogre mage (D:15)
  3 radroaches
  8 two-headed ogres
  3 catoblepae (Lair:5)
  A hell hog (Lair:1)
  A tengu warrior (D:15)
  3 death yaks (Lair:5)
  A hell knight (D:15)
  A skeletal warrior (D:13)
  4 pharaoh ants
  A sun moth (Spider:1)
  Pikel (D:9)
  An orb spider (shapeshifter) (D:13)
  5 orb spiders
  5 steelbarb worms
  An obsidian statue (Spider:2)
  2 lindwurms (Lair:5)
  A wizard (D:15)
  2 orc knights
  5 deep elf pyromancers
  A necromancer (D:15)
  A phantasmal warrior (D:14)
  13 wolf spiders
  6 cyclopes
  13 ugly things
  A salamander (shapeshifter) (D:13)
  14 elephants
  6 manticores
  Maurice (D:9)
  3 moths of wrath
  4 black mambas
  4 torpor snails
  10 cane toads
  A gargoyle (D:12)
  3 yaktaurs (D:13)
  4 rime drakes
  9 komodo dragons
  4 centaur skeletons (D:13)
  7 demonic crawlers
  2 freezing wraiths (D:14)
  2 kobold demonologists
  6 trolls
  A meliai (Spider:2)
  12 polar bears
  A wind drake (Lair:2)
  4 raiju (Lair:5)
  12 tarantellas
  4 dream sheep (Lair:5)
  8 slime creatures
  14 blink frogs
  16 jumping spiders
  A spriggan (Lair:1)
  2 vampires
  A ynoxinul (Lair:1)
  30 yaks
  10 culicivoras
  3 hogs (Lair:5)
  2 wraiths
  3 wyverns
  2 basilisks
  4 steam dragons
  4 fire elementals (D:15)
  A chaos spawn (Lair:1)
  34 redbacks
  6 vampire mosquitoes
  Menkaure (D:7)
  4 wargs (Lair:5)
  2 acid dragons
  12 water moccasins
  A sky beast (D:8)
  16 hell hounds
  12 black bears
  19 orc warriors
  Duvessa (D:4)
  3 ice beasts
  7 ogres
  15 centaurs
  22 wolves
  A lemure (D:9)
  A phantom (D:7)
  10 bullfrogs
  7 kobold brigands
  Blork the orc (D:5)
  2 gnoll sergeants
  5 scorpions
  A necrophage (D:8)
  Dowan (D:4)
  16 killer bees
  5 electric eels
  4 howler monkeys
  A crimson imp (D:10)
  5 jellies
  11 orc priests
  Crazy Yiuf (D:7)
  5 hounds
  Ijyb (D:2)
  5 iguanas
  8 orc wizards
  5 hell rats (Lair:1)
  Robin (D:2)
  11 gnolls
  A river rat (Sewer)
  8 adders
  3 shadow imps
  3 white imps
  An ufetubus (D:5)
  2 worms (Sewer)
  4 dart slugs
  39 orcs
  14 endoplasms
  13 giant cockroaches
  19 goblins
  6 hobgoblins
  10 jackals
  6 quokkas
  12 ball pythons
  7 bats
  4 frilled lizards
  24 kobolds
  11 rats
  A butterfly (Lair:5)
  2 fulminant prisms
802 creatures vanquished.

Vanquished Creatures (others)
  An unseen horror (D:13)
  A jumping spider (Spider:1)
  A wyvern (D:8)
  A bullfrog (Lair:4)
  An orc (D:8)
  89 fulminant prisms
  25 fungi
  48 plants
  5 toadstools (D:1)
172 creatures vanquished.

Grand Total: 974 creatures vanquished

Notes
Turn   | Place    | Note
-------+----------+-------------------------------------------
     0 | D:1      | Sintarzus the Djinni Conjurer began the quest for the Orb.
     0 | D:1      | Sintarzus set off with the following spells memorised:
                  | Magic Dart, Searing Ray, Dazzling Flash, Fulminant Prism,
                  | Iskenderun's Mystic Blast.
     0 | D:1      | Reached XP level 1. HP: 15/15 MP: 0/0
    48 | D:1      | Reached XP level 2. HP: 13/21 MP: 0/0
   472 | D:1      | Found a faded altar of an unknown god.
   586 | D:1      | Reached XP level 3. HP: 21/25 MP: 0/0
   586 | D:1      | Learned a level 1 spell: Slow
  1160 | D:2      | Found Segaukk's Antique Weapon Boutique.
  1402 | D:2      | Noticed Robin
  1408 | D:2      | Reached XP level 4. HP: 28/31 MP: 0/0
  1432 | D:2      | Killed Robin
  2096 | D:2      | Noticed Ijyb
  2344 | D:2      | Killed Ijyb
  2345 | D:2      | Reached XP level 5. HP: 30/35 MP: 0/0
  2345 | D:2      | Learned a level 2 spell: Static Discharge
  2697 | D:3      | Reached skill level 5 in Spellcasting
  2788 | D:3      | Reached XP level 6. HP: 40/40 MP: 0/0
  3084 | D:4      | Noticed Dowan
  3086 | D:4      | Noticed Duvessa
  3093 | D:4      | Killed Duvessa
  3093 | D:4      | Killed Dowan
  3135 | D:4      | Reached XP level 7. HP: 44/46 MP: 0/0
  3135 | D:4      | Learned a level 3 spell: Gell's Gravitas
  3439 | D:4      | Reached skill level 1 in Fighting
  3439 | D:4      | Reached skill level 1 in Maces & Flails
  3494 | D:4      | Found a hide-covered altar of Uskayaw.
  3549 | D:4      | Found a basalt altar of Yredelemnul.
  3855 | D:5      | Entered Level 5 of the Dungeon
  3904 | D:5      | Found a glowing drain.
  3912 | D:5      | Reached XP level 8. HP: 52/52 MP: 0/0
  3922 | Sewer    | Entered a sewer
  4027 | Sewer    | Found a viscous altar of Jiyva.
  4280 | D:5      | Noticed Blork the orc
  4291 | D:5      | Killed Blork the orc
  4389 | D:5      | Found Kololi's Weapon Emporium.
  4745 | D:6      | Noticed a wyvern
  4753 | D:6      | Killed a wyvern
  4754 | D:6      | Reached skill level 2 in Fighting
  4797 | D:6      | Reached XP level 9. HP: 56/58 MP: 0/0
  4797 | D:6      | Learned a level 3 spell: Lesser Beckoning
  5527 | D:7      | Found a runed translucent door.
  5528 | D:7      | Noticed Crazy Yiuf
  5549 | D:7      | Noticed Menkaure
  5557 | D:7      | Killed Menkaure
  5721 | D:7      | Reached skill level 3 in Fighting
  5827 | D:7      | Found a staircase to the Ecumenical Temple.
  5837 | Temple   | Entered the Ecumenical Temple
  5876 | Temple   | Became a worshipper of Makhleb the Destroyer
  5990 | D:7      | Identified the +0 scale mail "Kaushre" {rElec rPois rF-
                  | Int-3}
  6234 | D:7      | Found a shadowy altar of Dithmenos.
  6246 | D:7      | Reached XP level 10. HP: 61/67 MP: 0/0
  6409 | D:7      | Killed Crazy Yiuf
  6560 | D:2      | Bought a sapphire dagger for 154 gold pieces
  6560 | D:2      | Identified the +9 dagger of Salt {antimagic, *Rage rElec
                  | Will+} (You bought it in a shop on level 2 of the Dungeon)
  6560 | D:2      | Bought an iridescent rapier for 198 gold pieces
  6560 | D:2      | Identified the +4 rapier of Subterfuge {vorpal, Will+ rCorr
                  | Dex+4} (You bought it in a shop on level 2 of the Dungeon)
  6762 | D:8      | Reached skill level 5 in Maces & Flails
  6873 | D:8      | Reached skill level 4 in Fighting
  6936 | D:8      | Found a staircase to the Lair.
  7064 | D:8      | Reached * piety under Makhleb
  7146 | D:8      | Reached skill level 5 in Fighting
  7160 | D:8      | Reached skill level 10 in Spellcasting
  7697 | Lair:1   | Entered Level 1 of the Lair of Beasts
  7719 | Lair:1   | Noticed a komodo dragon
  7729 | Lair:1   | Killed a komodo dragon
  7740 | Lair:1   | Noticed a black mamba
  7745 | Lair:1   | Killed a black mamba
  7746 | Lair:1   | Reached skill level 1 in Throwing
  7746 | Lair:1   | Reached skill level 1 in Shields
  7746 | Lair:1   | Reached skill level 1 in Invocations
  7746 | Lair:1   | Reached skill level 1 in Evocations
  7746 | Lair:1   | Reached XP level 11. HP: 54/76 MP: 0/0
  7746 | Lair:1   | Learned a level 4 spell: Sticky Flame
  7748 | Lair:1   | Reached skill level 6 in Fighting
  7767 | Lair:1   | Reached ** piety under Makhleb
  7846 | Lair:1   | Found a transporter.
  7854 | Lair:1   | Found a transporter.
  7854 | Lair:1   | Noticed a hell hog
  7854 | Lair:1   | Noticed a sea snake
  7855 | Lair:1   | Found a one-way gate to the infinite horrors of the Abyss.
  7855 | Lair:1   | Noticed Bilamnug's ghost (journeyman HOFi)
  7995 | Lair:1   | Noticed an elephant
  7996 | Lair:1   | Noticed an elephant
  7996 | Lair:1   | Noticed an elephant
  8026 | Lair:1   | Killed an elephant
  8026 | Lair:1   | Killed an elephant
  8032 | Lair:1   | Killed an elephant
  8088 | Lair:1   | Identified the +4 great mace of Cemal {venom, rElec Int-2
                  | Dex+5}
  8449 | Lair:1   | Noticed a six-headed hydra
  8464 | Lair:1   | Killed a six-headed hydra
  8465 | Lair:1   | Reached skill level 7 in Fighting
  8559 | Lair:1   | Noticed a harpy
  8634 | Lair:2   | Reached XP level 12. HP: 83/85 MP: 0/0
  8707 | Lair:2   | Noticed an eight-headed hydra
  8735 | Lair:2   | Killed an eight-headed hydra
  8760 | Lair:2   | Found a staircase to the Shoals.
  8774 | Lair:2   | Found a runed translucent door.
  9099 | Lair:2   | Noticed Xudgha's ghost (journeyman MiFi)
  9514 | Lair:3   | Reached skill level 5 in Invocations
  9519 | Lair:3   | Reached skill level 5 in Evocations
  9747 | Lair:3   | Found a hole to the Spider Nest.
  9747 | Lair:3   | Noticed an orb spider
  9754 | Lair:3   | Killed an orb spider
 10060 | Lair:3   | Found a transporter.
 10062 | Lair:3   | Noticed a boulder beetle
 10064 | Lair:3   | Found a transporter.
 10064 | Lair:3   | Noticed a boulder beetle
 10326 | Lair:3   | Noticed an eight-headed hydra
 10339 | Lair:3   | Killed an eight-headed hydra
 10340 | Lair:3   | Reached skill level 8 in Fighting
 10668 | Lair:4   | Reached *** piety under Makhleb
 10805 | Lair:4   | Reached XP level 13. HP: 45/93 MP: 0/0
 10805 | Lair:4   | Learned a level 5 spell: Freezing Cloud
 11262 | Lair:4   | Found a viscous altar of Jiyva.
 11542 | Lair:5   | Entered Level 5 of the Lair of Beasts
 11633 | Lair:5   | Noticed an eight-headed hydra
 11637 | Lair:5   | Reached skill level 9 in Fighting
 11640 | Lair:5   | Noticed Snorg
 11642 | Lair:5   | Killed an eight-headed hydra
 11647 | Lair:5   | Killed Snorg
 11649 | Lair:5   | Reached **** piety under Makhleb
 11649 | Lair:5   | Noticed a catoblepas
 11659 | Lair:5   | Killed a catoblepas
 11659 | Lair:5   | Noticed Kirke
 11664 | Lair:5   | Noticed a sphinx
 11665 | Lair:5   | Reached skill level 10 in Fighting
 11665 | Lair:5   | Noticed a six-headed hydra
 11669 | Lair:5   | Killed a six-headed hydra
 11670 | Lair:5   | Reached XP level 14. HP: 103/103 MP: 0/0
 12152 | Lair:5   | Reached skill level 11 in Fighting
 12605 | Lair:5   | Reached ***** piety under Makhleb
 12842 | Lair:5   | Noticed a sphinx
 12848 | Lair:5   | Killed Kirke
 13293 | Lair:5   | Reached skill level 12 in Fighting
 13536 | Lair:5   | Identified a scroll of acquirement
 13536 | Lair:5   | Acquired 946 gold pieces
 13681 | D:9      | Noticed Maurice
 13769 | D:9      | Killed Maurice
 13884 | D:9      | Noticed Gastronok
 13908 | D:9      | Killed Gastronok
 14014 | D:9      | Noticed Pikel
 14017 | D:9      | Killed Pikel
 14057 | D:9      | Found Kahehott's Weapon Shoppe.
 14308 | D:10     | Entered Level 10 of the Dungeon
 14308 | D:10     | Found an iron altar of Okawaru.
 14354 | D:10     | Found the +2 cloak of the Thief {*Fog Slay-2 SInv Stlth+}
 14436 | D:10     | Found a glowing silver altar of Zin.
 14515 | D:10     | Reached XP level 15. HP: 102/113 MP: 0/0
 14515 | D:10     | Learned a level 6 spell: Starburst
 15045 | D:11     | Found a stormy altar of Qazlal.
 15197 | D:11     | Found a staircase to the Orcish Mines.
 15737 | D:12     | Reached skill level 13 in Fighting
 16689 | D:13     | Reached ****** piety under Makhleb
 16876 | D:13     | You are sucked into a shaft and drop 2 floors!
 16876 | D:15     | Entered Level 15 of the Dungeon
 16900 | D:15     | Noticed Azrael
 16910 | D:15     | Killed Azrael
 16920 | D:15     | Found a hazy altar of Hepliaklqana.
 16986 | D:15     | Noticed Agnes
 16996 | D:15     | Killed Agnes
 16997 | D:15     | Reached skill level 14 in Fighting
 17119 | D:15     | Noticed Rupert
 17131 | D:15     | Killed Rupert
 17199 | D:15     | Noticed Louise
 17214 | D:15     | Killed Louise
 17244 | D:15     | Reached XP level 16. HP: 124/124 MP: 0/0
 17349 | D:15     | Reached skill level 10 in Invocations
 17695 | D:15     | Found a staircase to the Depths.
 18019 | D:13     | Found a gate to the Vaults.
 18063 | D:13     | Identified the ring of Qeugey {rC++ Dex+6}
 18101 | D:14     | Reached skill level 15 in Fighting
 19340 | Lair:1   | Gained mutation: Potions are less effective at restoring
                  | your health. [a cacodemon]
 19342 | Lair:1   | Gained mutation: You are frail. (-10% HP) [a cacodemon]
 19343 | Lair:1   | Gained mutation: You sometimes lose your temper in combat.
                  | [a cacodemon]
 19344 | Lair:1   | Gained mutation: You are dopey. (Int -2) [a cacodemon]
 19345 | Lair:1   | Killed Bilamnug's ghost
 19457 | Lair:1   | Lost mutation: You are frail. (-10% HP) [potion of
                  | mutation]
 19457 | Lair:1   | Lost mutation: Potions are less effective at restoring your
                  | health. [potion of mutation]
 19457 | Lair:1   | Gained mutation: Potions are less effective at restoring
                  | your health. [potion of mutation]
 19457 | Lair:1   | Gained mutation: You are robust. (+10% HP) [potion of
                  | mutation]
 19458 | Lair:1   | Lost mutation: You sometimes lose your temper in combat.
                  | [potion of mutation]
 19458 | Lair:1   | Lost mutation: Potions are less effective at restoring your
                  | health. [potion of mutation]
 19458 | Lair:1   | Gained mutation: Your movements are slightly less
                  | encumbered by armour. (ER -2) [potion of mutation]
 19459 | Lair:1   | Lost mutation: You are robust. (+10% HP) [potion of
                  | mutation]
 19459 | Lair:1   | Lost mutation: You are dopey. (Int -2) [potion of mutation]
 19459 | Lair:1   | Gained mutation: You are clumsy. (Dex -2) [potion of
                  | mutation]
 19459 | Lair:1   | Gained mutation: You have hidden genetic potential. [potion
                  | of mutation]
 19502 | Lair:2   | Killed Xudgha's ghost
 19626 | Spider:1 | Entered Level 1 of the Spider Nest
 19967 | Spider:1 | Reached skill level 16 in Fighting
 19975 | Spider:1 | Reached XP level 17. HP: 88/133 MP: 0/0
 19975 | Spider:1 | Learned a level 7 spell: Haunt
 20367 | Spider:1 | Noticed Nikola
 20377 | Spider:1 | Killed Nikola
 20444 | Spider:1 | Noticed Donald
 20456 | Spider:1 | Killed Donald
 20993 | Spider:2 | Reached skill level 5 in Dodging
 21158 | Spider:2 | Gained mutation: You have a beak for a mouth. [hidden
                  | potential]
 21614 | Spider:2 | Noticed Arachne
 21685 | Spider:3 | Engulfed by a cloud of freezing vapour

Illustrated notes

Levels and vault maps discovered:
D:1:      ldierk_walled_garden, layout_basic, ebering_ecumenical_altar_mist
D:2:      kennysheep_the_goblin_king, layout_loops_ring, serial_shops,
          nicolae_shop_advertising_works [nicolae_subvault_shop_adworks],
          minmay_fractal_squares_gapless_5, uniq_robin
D:3:      layout_rooms, nicolae_overflow_hidden_temple,
          mainiacjoe_overflow_paths
D:4:      layout_basic, old_standard_altar,
          nicolae_uskayaw_murder_on_the_dancefloor, kennysheep_path_1,
          uniq_duvessa
D:5:      layout_cave_pools, mainiacjoe_overflow_catwalk, serial_shops,
          nicolae_inconvenience_store, gup_sewer_entry_glass,
          chequers_serial_rivers_room_b, uniq_blork_the_orc
D:6:      layout_basic
D:7:      layout_loops_ring, lemuel_coloured_pillars_altar, temple_fountains,
          minmay_misc_feat_alley, uniq_menkaure, uniq_crazy_yiuf_cottage
D:8:      layout_loops_corners, erik_lair_island
D:9:      layout_roguey, serial_shops, shop, uniq_gastronok, uniq_pikel,
          uniq_maurice
D:10:     layout_rooms, kennysheep_mini, okawaru_metal_pillars_3,
          minmay_fire_ice_demons
D:11:     layout_irregular_city, minmay_orc_entry_temple_small,
          kennysheep_cross_bottleneck, grunt_qazlal_sundering
D:12:     layout_roguey
D:13:     layout_loops_ring, hangedman_vaults_entry_quadrant_bands,
          hangedman_decor_opposing
D:14:     layout_roguey [special_room_orc], glass_columns_b
D:15:     hangedman_depths_entry_civil_slaughter, layout_rooms,
          nicolae_hepliaklqana_hippocampus, uniq_rupert, uniq_louise,
          uniq_azrael, uniq_agnes
Temple:   nicolae_temple_ecumenical_triangle
Lair:1:   layout_cave_shapes, gammafunk_ghost_abyssal_escape,
          serial_bayou_shore_b, lemuel_fruit_tree
Lair:2:   layout_regular_city, minmay_shoals_entry_beasts,
          hellmonk_ghost_happy_afterlife
Lair:3:   gammafunk_boulding_lane, layout_small_grid,
          nicolae_spider_entry_orb_guardian
Lair:4:   layout_cellular_growth, minmay_slime_entry_oklob_enclosed,
          infiniplex_staircase_pool
Lair:5:   hangedman_lair_caniforms_friends, layout_regular_city,
          hangedman_lair_in_review, nicolae_lair_run_with_the_wolves,
          lemuel_fruit_fields, uniq_snorg, uniq_kirke
Spider:1: layout_spider_delve, nicolae_spider_some_kinda_spiderbox, uniq_nikola,
          uniq_donald
Spider:2: spider_temple_joshua, uniq_arachne, uniq_jorgrun
Spider:3: nicolae_spider_jumping_over_cracks [nicolae_spider_jumping_sub_grid,
          nicolae_spider_jumping_sub_grid, nicolae_spider_jumping_sub_stairs,
          nicolae_spider_jumping_sub_shuffled]

Skill      XL: |  1  2  3  4  5  6  7  8  9 10 11 12 13 14 15 16 17 |
---------------+----------------------------------------------------+-----
Spellcasting   | 4 5 6 7 8 10 11 13 14 | 14.4
Stealth        | 2 |  2.0
Fighting       | 1 2 3 5 7 8 10 12 14 16 | 16.6
Maces & Flails | 1 3 4 5 |  5.1
Dodging        | 3 4 6 |  6.7
Throwing       | 1 3 4 |  4.0
Shields        | 1 3 4 |  4.0
Invocations    | 1 3 6 8 9 12 14 | 14.0
Evocations     | 1 3 6 8 |  8.0

Action                   |  1- 3 |  4- 6 |  7- 9 | 10-12 | 13-15 | 16-18 || total
-------------------------+-------+-------+-------+-------+-------+-------++-------
Melee: Club              |       |    40 |   188 |   230 |    28 |       ||   486
       Unarmed           |       |     1 |       |       |     1 |       ||     2
       Punch             |       |       |     7 |     2 |       |       ||     9
       Rapier            |       |       |       |       |     5 |    14 ||    19
Throw: Dart              |       |       |       |       |       |     5 ||     5
 Cast: Magic Dart        |    57 |    33 |    23 |     8 |     3 |     3 ||   127
       Searing Ray       |     1 |     8 |    14 |    20 |     9 |     1 ||    53
       Fulminant Prism   |       |     7 |     4 |    20 |    30 |    30 ||    91
       Iskenderun's Myst |       |     1 |    23 |    59 |   176 |   227 ||   486
       Gell's Gravitas   |       |       |       |     7 |     2 |     1 ||    10
       Freezing Cloud    |       |       |       |       |   194 |   104 ||   298
       Slow              |       |       |       |       |     2 |     3 ||     5
       Starburst         |       |       |       |       |     7 |    22 ||    29
Invok: Major Destruction |       |       |       |       |     1 |       ||     1
  Use: Scroll            |       |       |     4 |       |    23 |     2 ||    29
       Potion            |       |       |       |       |     2 |     4 ||     6
 Stab: Sleeping          |       |     2 |     6 |     1 |     1 |       ||    10
       Distracted        |       |       |     3 |     3 |       |       ||     6
       Petrified         |       |       |       |       |     2 |       ||     2
Armor: Robe              |     2 |    12 |    58 |    19 |       |       ||    91
       Skin              |       |     4 |       |       |       |       ||     4
       Troll leather arm |       |       |       |    73 |    35 |    31 ||   139
Dodge: Dodged            |    12 |    44 |   158 |   248 |    78 |    72 ||   612
Block: Buckler           |       |       |       |    39 |    28 |    18 ||    85
